 Dungeon Crawl Stone Soup version 0.31.0-12-g77e489cdc1 (webtiles) character file.

Game seed: 2110983702907444093

14 spaghetti the Trooper (level 2, 31/31 HPs)
             Began as an Oni Brigand on Feb 17, 2024.
             Quit the game on level 1 of the Dungeon.
             The game lasted 00:00:44 (298 turns).

spaghetti the Trooper (Oni Brigand)                  Turns: 298, Time: 00:00:45

Health: 31/31      AC:  4    Str: 14    XL:     2   Next: 45%
Magic:  2/2        EV:  9    Int: 12    God:
Gold:   12         SH:  0    Dex: 10    Spells: 1/1 levels left

rFire   . . .        f - +0 spear (venom)
rCold   . . .        (no shield)
rNeg    . . .        b - +0 robe
rPois   .            (helmet restricted)
rElec   .            c - +0 cloak
rCorr   .            (gloves unavailable)
SInv    .            (boots unavailable)
Will    .....        (no amulet)
Stlth   ++           (no ring)
HPRegen 0.25/turn    (no ring)
MPRegen 0.08/turn

%: no passive effects
@: no status effects
A: large, unfitting armour, horns 1, tough skin 1, double potion healing,
drunken brawling
a: no special abilities


You were on level 1 of the Dungeon.
You visited 1 branch of the dungeon, and saw 1 of its levels.

You collected 12 gold pieces.

Inventory:

Hand Weapons
 a - a +2 dagger
 f - a +0 spear of venom (weapon)
Missiles
 d - 9 poisoned darts
 e - 3 curare-tipped darts
Armour
 b - a +0 robe (worn)
 c - a +0 cloak (worn)
Jewellery
 g - a ring of wizardry
Scrolls
 h - a scroll of poison {unknown}
 k - 3 scrolls of teleportation {unknown}
Potions
 i - a potion of heal wounds {unknown}
 j - a potion of attraction {unknown}


   Skills:
 + Level 3.4 Fighting
 - Level 1.7 Short Blades
 - Level 2.0 Throwing
 - Level 0.8 Dodging
 + Level 3.2 Stealth


You had one spell level left.
You didn't know any spells.
Your spell library was empty.

Dungeon Overview and Level Annotations

Branches:
Dungeon (1/15)

Altars:


Innate Abilities, Weirdness & Mutations

You are too large for most types of armour.
You have a pair of small horns on your head.
You have tough skin. (AC +1)
You gain doubled healing and magic from potions.
Whenever you drink a healing potion, you attack all around you.


Message History

You feel a bit more experienced. The endoplasm closely misses you.
You hit the endoplasm.
You kill the endoplasm!
No target in view!
No target in view!
No target in view!
No target in view!
No target in view!
No target in view!
No target in view!
No target in view!
No target in view!
No target in view!
No target in view!
No target in view!
A goblin comes into view. It is wielding a +0 dagger.
A goblin is nearby!
A goblin is nearby!
A goblin is nearby!
Found a stone staircase leading down.
Found a glowing dagger.
You reach to attack!
You barely miss the goblin. You completely miss the goblin.
Your headbutt misses the goblin. The goblin hits you with a +0 dagger.
The goblin barely misses you.
You hit the goblin.
The goblin is poisoned.
You headbutt the goblin.
You kill the goblin!
No target in view!
No target in view!
No target in view!
No target in view!
No target in view!
No target in view!
No target in view!
No target in view!
No target in view!
No target in view!
No target in view!
You see here a +1 dagger of venom.
Unknown command.
Are you sure you want to abandon this character and quit the game? (Confirm with "yes".)

....... .#
#.#.#.>.###.# #.
.........# #.
........#.#
#.###.........#
#####.....).......##
........#..####....
.................#
.......@#........#
........#........#
####
........#........#
#...
.................#
##..
.#..#.....#.......#
##.
....#...#.#...#####
## ..#...#.#..##.# #
......#.......###
####
...#..)...##....#
#...


There were no monsters in sight!

Vanquished Creatures
  3 endoplasms (D:1)
  4 goblins (D:1)
  A hobgoblin (D:1)
  3 frilled lizards (D:1)
  3 kobolds (D:1)
14 creatures vanquished.

Notes
Turn   | Place    | Note
-------+----------+-------------------------------------------
     0 | D:1      | spaghetti the Oni Brigand began the quest for the Orb.
     0 | D:1      | Reached XP level 1. HP: 22/22 MP: 1/1
   217 | D:1      | Reached XP level 2. HP: 31/31 MP: 2/2
   298 | D:1      | Quit the game

Illustrated notes

Levels and vault maps discovered:
D:1:      dpeg_arrival_triangle_fractal, layout_basic,
          hangedman_decor_peaks_small

Skill      XL: |  1 |
---------------+----+-----
Stealth        | 3 |  3.2
Fighting       | 3 |  3.4
Short Blades   | |  1.7
Throwing       | |  2.0
Dodging        | |  0.8

Action                     || total
---------------------------++-------
  Melee: Spear             ||    25
         Dagger            ||     5
         Headbutt          ||     3
  Throw: Dart              ||     5
   Stab: Sleeping          ||     2
         Distracted        ||     1
 Armour: Robe              ||    18
  Dodge: Dodged            ||    12
